 Dungeon Crawl Stone Soup version 0.28.0-43-g3370ac3207 (webtiles) character file.

Game seed: 3798067963915965197

13435 pkoi the Grappler (level 11, -3/113 HPs)
             Began as a Troll Monk on Mar 22, 2022.
             Was a Priest of the Shining One.
             Slain by a ten-headed hydra (6 damage)
             ... on level 3 of the Lair of Beasts.
             The game lasted 00:12:12 (10716 turns).

pkoi the Grappler (Troll Monk)                     Turns: 10716, Time: 00:12:13

Health: -3/113     AC:  9    Str: 29    XL:     11   Next: 75%
Magic:  13/13      EV:  8    Int: 10    God:    the Shining One [***...]
Gold:   359        SH: 17    Dex: 19    Spells: 10/10 levels left

rFire   + . .      SeeInvis .     - Unarmed
rCold   + . .      Faith    .   a - +4 tower shield "Seilunn" {-Cast rCorr Str+2 Dex+7}
rNeg    + . .      Spirit   .   r - +1 steam dragon scales
rPois   .          Reflect  .   A - +1 hat
rElec   .          Harm     .   y - scarf {rC+ rF+}
rCorr   +          Rampage  .   (gloves unavailable)
Will    .....      NoCast   +   (boots unavailable)
Stlth   +.........              t - amulet of regeneration
HPRegen 1.88/turn               w - +6 ring of strength
MPRegen 0.13/turn               C - ring of flight

@: flying, glowing
A: large, unfitting armour, claws 3, regeneration 1, shaggy fur 1, tough skin 1
a: Renounce Religion, Divine Shield, Cleansing Flame


You were on level 3 of the Lair of Beasts.
You worshipped the Shining One.
The Shining One was most pleased with you.
You visited 3 branches of the dungeon, and saw 12 of its levels.
You also visited: Ossuary.

You collected 599 gold pieces.
You spent 240 gold pieces at shops.

Inventory:

Missiles
 n - 8 poisoned darts (quivered)
 z - a throwing net
Armour
 a - the +4 tower shield "Seilunn" (worn) {-Cast rCorr Str+2 Dex+7}
   (You acquired it on level 2 of the Lair of Beasts)

   Str:       It affects your strength (+2).
   Dex:       It affects your dexterity (+7).
   -Cast:     It prevents spellcasting.
   rCorr:     It protects you from acid and corrosion.
 r - +1 steam dragon scales (worn)
 y - a scarf of resistance (worn)
 A - a +1 hat (worn)
 D - +0 fire dragon scales
Jewellery
 t - an amulet of regeneration (around neck)
 w - a +6 ring of strength (left claw)
 C - a ring of flight (right claw)
Wands
 e - a wand of iceblast (6)
 s - a wand of digging (6)
 v - a wand of acid (15)
 x - a wand of polymorph (14)
Scrolls
 b - 5 scrolls of blinking
 c - a scroll of identify
 g - 3 scrolls of teleportation
 j - 4 scrolls of fear
 l - a scroll of enchant armour
Potions
 d - 5 potions of heal wounds
 f - 2 potions of ambrosia
 h - a potion of curing
 i - 2 potions of might
 k - a potion of cancellation
 m - a potion of attraction
 o - 2 potions of brilliance {unknown}
 p - 2 potions of haste
 q - 2 potions of lignification
 u - a potion of flight
 B - a potion of magic {unknown}


   Skills:
 - Level 8.3 Fighting
 - Level 3.0 Armour
 - Level 3.2 Dodging
 - Level 1.0 Stealth
 + Level 2.3 Shields
 * Level 14.8 Unarmed Combat
 + Level 4.6 Invocations
 - Level 0.8 Evocations


You had 10 spell levels left.
You didn't know any spells.
Your spell library contained the following spells:

 Spells                   Type           Power      Damage    Failure   Level
 Beastly Appendage        Tmut           0%         N/A       96%         1
 Foxfire                  Conj/Fire      0%         2x1d4     96%         1
 Magic Dart               Conj           0%         1d3       96%         1
 Call Imp                 Summ           0%         N/A       99%         2
 Ensorcelled Hibernation  Hex/Ice        0%         N/A       99%         2
 Scorch                   Fire           0%         2d5       99%         2
 Sublimation of Blood     Necr           0%         N/A       99%         2
 Wereblood                Tmut           0%         N/A       99%         2
 Dazzling Flash           Conj/Hex       0%         N/A       100%        3
 Gell's Gravitas          Tloc           0%         N/A       100%        3
 Lesser Beckoning         Tloc           0%         N/A       100%        3
 Mephitic Cloud           Conj/Pois/Air  0%         N/A       100%        3
 Spider Form              Tmut/Pois      0%         N/A       100%        3
 Teleport Other           Tloc           0%         N/A       100%        3
 Anguish                  Hex/Necr       0%         N/A       100%        4
 Flame Wave               Conj/Fire      0%         2d4       100%        4
 Summon Ice Beast         Ice/Summ       0%         N/A       100%        4
 Agony                    Necr           0%         N/A       100%        5
 Silence                  Hex/Air        0%         N/A       100%        5
 Summon Forest            Summ/Tloc      0%         N/A       100%        5
 Summon Mana Viper        Hex/Summ       0%         N/A       100%        5
 Dispersal                Tloc           0%         N/A       100%        6
 Summon Cactus Giant      Summ           0%         N/A       100%        6
 Monstrous Menagerie      Summ           0%         N/A       100%        7
 Summon Hydra             Summ           0%         N/A       100%        7
 Ignition                 Fire           0%         3d3       100%        8


Dungeon Overview and Level Annotations

Branches:
Dungeon (8/15)             Temple (1/1) D:6            Lair (3/6) D:8
  Snake (0/4) Lair:2      Ossuary (visited)
  Swamp: Lair:2-4    Shoals: Lair:2-4

Altars:
Ashenzari
Cheibriados
Dithmenos
Elyvilon
Fedhas
Gozag
Hepliaklqana
Kikubaaqudgha
Makhleb
Nemelex Xobeh
Okawaru
Qazlal
Ru
Trog
Uskayaw
Vehumet
Wu Jian
Xom
Yredelemnul
Zin
The Shining One

Shops:
D:4 *   D:8 !*

Annotations:
D:4 2 transporters
Lair:1 3 runed translucent doors, sizableburger's ghost, journeyman DjAM


Innate Abilities, Weirdness & Mutations

You are too large for most types of armour.
You have claws for hands.
Your natural rate of healing is unusually fast.
You are covered in fur. (AC +1)
You have tough skin. (AC +1)


Message History

* * * LOW HITPOINT WARNING * * *
The nine-headed hydra barely misses you.
Aiming: Corrosive Bolt
Press: ? - help, Shift-Dir - straight line, f - nine-headed hydra
Aim: a nine-headed hydra (moderately wounded, haloed, 93% to hit)
The bolt of acid hits the nine-headed hydra!
The acid corrodes the nine-headed hydra!
The nine-headed hydra is heavily wounded.
The bolt of acid hits the elephant!
The acid corrodes the elephant!
The elephant is moderately wounded.
The bolt of acid hits the elephant!
The acid corrodes the elephant!
You kill the elephant!
The bolt of acid hits the elephant!
The acid corrodes the elephant!
The elephant is lightly wounded.
The nine-headed hydra bites you but does no damage.
The nine-headed hydra bites you!
* * * LOW HITPOINT WARNING * * *
You block the nine-headed hydra's attack. x3
The nine-headed hydra bites you but does no damage.
You block the nine-headed hydra's attack.
The nine-headed hydra bites you!
* * * LOW HITPOINT WARNING * * *
The nine-headed hydra bites you!
* * * LOW HITPOINT WARNING * * *
You rip one of the nine-headed hydra's heads off!
The eight-headed hydra grows two more!
You mangle the ten-headed hydra!!
The ten-headed hydra is severely wounded.
You block the ten-headed hydra's attack.
The ten-headed hydra barely misses you.
You block the ten-headed hydra's attack.
The ten-headed hydra bites you!
* * * LOW HITPOINT WARNING * * *
You block the ten-headed hydra's attack.
The ten-headed hydra bites you.
* * * LOW HITPOINT WARNING * * *
You block the ten-headed hydra's attack.
The ten-headed hydra bites you.
* * * LOW HITPOINT WARNING * * *
The ten-headed hydra bites you.
You die...

#........ ..
+.......#
#..#.......##
#........P#
#...)....#
##+†# #PY##
##DY# #@#.###
####...#
###.##..#####
#..........P#
##..†<.....##
.............#
.#.#.........#
#...........#
#.+.........#


You could see a ten-headed hydra (corroded) and 2 elephants.

Vanquished Creatures
  Gastronok (Lair:1)
  2 hydras (Lair:1)
  2 elephants (Lair:3)
  A black mamba (Lair:3)
  2 cane toads
  A kobold demonologist (D:7)
  A polar bear (Lair:2)
  A slime creature (D:7)
  A shadow (D:7)
  18 yaks
  2 wyverns
  A steam dragon (D:4)
  2 basilisks (D:8)
  2 nagas (Lair:2)
  An acid dragon (D:7)
  15 water moccasins
  A sky beast (D:6)
  2 orc warriors
  2 black bears
  An ice beast (D:5)
  2 necrophages
  An ogre (D:5)
  3 centaurs
  6 bullfrogs
  2 gnoll sergeants (D:7)
  9 scorpions
  11 killer bees
  4 howler monkeys
  A centaur zombie (Ossuary)
  A jelly (D:5)
  4 human zombies (Ossuary)
  A hound (D:5)
  4 orc priests
  A centaur skeleton (D:6)
  Crazy Yiuf (D:4)
  A bullfrog skeleton (D:7)
  2 iguanas
  3 scorpion zombies (Ossuary)
  3 orc wizards
  2 hound skeletons
  3 mummies (Ossuary)
  8 gnolls (D:7)
  6 adders
  A white imp (D:7)
  4 worms
  A dart slug (D:2)
  21 orcs
  4 ball pythons
  4 endoplasms
  5 giant cockroaches
  3 gnoll zombies (Ossuary)
  6 goblins
  5 hobgoblins
  3 jackals (D:4)
  4 kobolds
  2 quokkas
  A bat (D:1)
  A frilled lizard (D:1)
  5 goblin zombies
  2 hobgoblin zombies (Ossuary)
  2 orc zombies (Ossuary)
  4 rats
  A rat zombie (D:5)
  4 toadstools (D:1)
221 creatures vanquished.

Vanquished Creatures (others)
  A centaur (D:7)
  12 fungi
  5 plants
18 creatures vanquished.

Grand Total: 239 creatures vanquished

Notes
Turn   | Place    | Note
-------+----------+-------------------------------------------
     0 | D:1      | pkoi the Troll Monk began the quest for the Orb.
     0 | D:1      | Reached XP level 1. HP: 22/22 MP: 0/0
   191 | D:1      | Found a faded altar of an unknown god.
   466 | D:2      | Reached XP level 2. HP: 29/29 MP: 1/1
   547 | D:2      | Got the Almanac of Dislocated Ignition
   642 | D:2      | Reached skill level 4 in Unarmed Combat
   893 | D:2      | Reached XP level 3. HP: 36/36 MP: 2/2
  1379 | D:3      | Noticed a centaur
  1390 | D:3      | Killed a centaur
  1391 | D:3      | Reached skill level 5 in Unarmed Combat
  1391 | D:3      | Reached XP level 4. HP: 27/44 MP: 3/3
  2077 | D:4      | Reached XP level 5. HP: 50/50 MP: 4/4
  2206 | D:4      | Noticed a steam dragon
  2226 | D:4      | Killed a steam dragon
  2227 | D:4      | Reached skill level 1 in Armour
  2227 | D:4      | Reached skill level 6 in Unarmed Combat
  2227 | D:4      | Reached XP level 6. HP: 8/59 MP: 5/5
  2576 | D:4      | Found a transporter.
  2647 | D:4      | Found a transporter.
  2803 | D:4      | Found Ikkozierapp's General Store.
  3616 | D:4      | Found a runed translucent door.
  3617 | D:4      | Noticed Crazy Yiuf
  3754 | D:4      | Killed Crazy Yiuf
  3927 | D:5      | Entered Level 5 of the Dungeon
  3927 | D:5      | Noticed an ice beast
  3936 | D:5      | Killed an ice beast
  3937 | D:5      | Reached XP level 7. HP: 63/67 MP: 6/6
  4109 | D:5      | Found a sand-covered staircase.
  4118 | Ossuary  | Entered an ossuary
  4153 | Ossuary  | Reached skill level 7 in Unarmed Combat
  4273 | Ossuary  | Reached XP level 8. HP: 72/78 MP: 7/7
  4298 | Ossuary  | Reached skill level 8 in Unarmed Combat
  4594 | D:5      | Reached skill level 9 in Unarmed Combat
  5094 | D:5      | Reached skill level 5 in Fighting
  5334 | D:6      | Reached XP level 9. HP: 86/88 MP: 8/8
  5696 | D:6      | Found a staircase to the Ecumenical Temple.
  6175 | D:4      | Bought a potion of haste for 100 gold pieces
  6249 | D:7      | Noticed a kobold demonologist
  6267 | D:6      | Reached skill level 10 in Unarmed Combat
  6389 | D:7      | Killed a kobold demonologist
  6589 | D:7      | Reached skill level 11 in Unarmed Combat
  7361 | D:7      | Reached XP level 10. HP: 90/100 MP: 9/9
  7519 | D:8      | Reached skill level 12 in Unarmed Combat
  7649 | D:8      | Found Saecal's Distillery.
  7655 | D:8      | Bought 2 potions of heal wounds for 140 gold pieces
  7844 | Temple   | Entered the Ecumenical Temple
  8133 | Temple   | Became a worshipper of the Shining One
  8133 | Temple   | Reached * piety under the Shining One
  8133 | Temple   | Reached ** piety under the Shining One
  8297 | D:8      | Found a staircase to the Lair.
  8358 | D:8      | Reached skill level 13 in Unarmed Combat
  8531 | D:8      | Found Futsiuc's Elemental Accessories.
  8758 | Lair:1   | Entered Level 1 of the Lair of Beasts
  8787 | Lair:1   | Noticed Gastronok
  8834 | D:8      | Reached skill level 1 in Invocations
  8984 | Lair:1   | Killed Gastronok
  9160 | Lair:1   | Reached XP level 11. HP: 97/111 MP: 11/11
  9168 | Lair:1   | Found a runed translucent gate.
  9168 | Lair:1   | Found a runed translucent gate.
  9168 | Lair:1   | Found a runed translucent gate.
  9169 | Lair:1   | Noticed sizableburger's ghost (journeyman DjAM)
  9182 | Lair:1   | Noticed a five-headed hydra
  9189 | Lair:1   | Killed a ten-headed hydra
  9538 | Lair:1   | Noticed a four-headed hydra
  9546 | Lair:1   | Killed an eight-headed hydra
  9547 | Lair:1   | Reached skill level 14 in Unarmed Combat
  9871 | Lair:2   | Reached *** piety under the Shining One
  9974 | Lair:2   | Identified a scroll of acquirement
  9974 | Lair:2   | Acquired the +4 tower shield "Seilunn" {-Cast rCorr Str+2
                  | Dex+7}
 10164 | Lair:2   | Found a staircase to the Snake Pit.
 10399 | Lair:2   | Reached skill level 1 in Shields
 10701 | Lair:3   | Noticed an eight-headed hydra
 10716 | Lair:3   | HP: 3/113 [ten-headed hydra (6)]
 10716 | Lair:3   | Slain by a ten-headed hydra

Illustrated notes

Levels and vault maps discovered:
D:1:      ldierk_water_garden, layout_rooms, ebering_ecumenical_altar_abandoned
D:2:      layout_basic
D:3:      layout_basic
D:4:      gammafunk_steamed_eel, layout_layer_cave, serial_shops,
          nicolae_take_the_stairs, chequers_serial_rivers_micro_a,
          chequers_avenue, kennysheep_dice, uniq_crazy_yiuf_cottage
D:5:      layout_loops_corners, enter_ossuary_4
D:6:      layout_layer_cave, minmay_temple_entry_from_below_b
D:7:      layout_basic, kb_rosetta
D:8:      layout_basic, minmay_lair_entry_grove, serial_shops,
          kennysheep_little_box, chequers_serial_rivers_small_b,
          nicolae_elemental_shop, chequers_jeans, minmay_misc_feat_rugged
Temple:   regret_index_temple_sigil_plot
Lair:1:   layout_chaotic_city, gammafunk_ghost_necromancy,
          nicolae_quartered_pool_medium, uniq_gastronok
Lair:2:   layout_cellular_growth, guppyfry_snake_entry_garden
Lair:3:   layout_roguey, nicolae_volcano_entry_lava_flow

Skill      XL: |  1  2  3  4  5  6  7  8  9 10 11 |
---------------+----------------------------------+-----
Unarmed Combat | 4 5 6 7 9 11 13 14 | 14.8
Armour         | 1 2 3 |  3.0
Fighting       | 3 4 5 6 7 8 |  8.3
Dodging        | 3 |  3.2
Invocations    | 2 4 |  4.6
Shields        | 2 |  2.3
Stealth        | |  1.0
Evocations     | |  0.8

Action                   |  1- 3 |  4- 6 |  7- 9 | 10-12 || total
-------------------------+-------+-------+-------+-------++-------
Melee: Unarmed           |    62 |    93 |   309 |   214 ||   678
       Punch             |     1 |     2 |    18 |    16 ||    37
Evoke: Wand              |       |       |     1 |     4 ||     5
  Use: Scroll            |       |    13 |     7 |     1 ||    21
       Potion            |       |     1 |       |       ||     1
 Stab: Sleeping          |       |       |     2 |       ||     2
Armor: Robe              |    21 |    14 |       |       ||    35
       Steam dragon scal |       |    10 |   139 |    58 ||   207
Dodge: Dodged            |    26 |    47 |   159 |    87 ||   319
Block: Tower shield      |       |       |       |    48 ||    48
